General information
- name: BNet
- type: Ladder team game (AT/RT)
- host: Battle.net
- saver: Chopstix
map: GolemsInTheMist
- players: 8
- length: 38:26
- speed: Fast
- version: 1.21 W3XP
- replay type: Public
» download(262 KB)
Players
team 1 (winner)
Chopstix (
yellow | 63 APM | 2419 actions | 38:26)
6 Tauren Chieftain
3 Shockwave
2 Endurance Aura
1 Reincarnation
4 Far Seer
2 Chain Lighting
2 Feral Spirit
» actions
| Assign group hotkey | 14 | |
| Basic commands | 119 | |
| Build / train | 65 | |
| ESC pressed | 5 | |
| Enter build submenu | 62 | |
| Enter hero's abilities submenu | 12 | |
| Remove unit from queue | 2 | |
| Right click | 965 | |
| Select / deselect | 349 | |
| Select group hotkey | 577 | |
| Use ability | 249 | |
2419 total
» units
» upgrades
| Spiked Barricades | 1 | |
| Liquid Fire | 1 | |
| Reinforced Defenses | 1 | |
3 total
» buildings
| Altar of Storms | 1 | |
| Orc Burrow | 7 | |
| War Mill | 2 | |
| Watch Tower | 40 | |
| Stronghold | 6 | |
| Beastiary | 6 | |
| Voodoo Lounge | 1 | |
| Fortress | 1 | |
64 total
» build order
00:08 Altar of Storms
00:12 Orc Burrow
00:24 War Mill
02:08 Orc Burrow
02:30 Watch Tower
02:44 Watch Tower
03:08 Watch Tower
03:29 Watch Tower
03:43 Watch Tower
04:07 Watch Tower
04:16 Watch Tower
04:47 Watch Tower
05:01 Watch Tower
05:13 Stronghold
05:14 Stronghold
05:14 Stronghold
05:26 Watch Tower
06:06 Watch Tower
06:07 Watch Tower
06:10 Watch Tower
06:22 Watch Tower
06:25 Watch Tower
07:09 Watch Tower
07:13 Watch Tower
07:55 Watch Tower
08:14 Beastiary
08:20 Watch Tower
08:25 Watch Tower
08:28 Watch Tower
09:26 Beastiary
10:47 Watch Tower
11:01 Watch Tower
12:18 Beastiary
12:21 Orc Burrow
12:27 Beastiary
13:52 Beastiary
13:55 Voodoo Lounge
14:02 Orc Burrow
14:14 Watch Tower
14:21 Watch Tower
14:34 Fortress
14:46 Watch Tower
16:02 Watch Tower
16:06 Watch Tower
16:10 Watch Tower
16:11 Watch Tower
16:19 Beastiary
16:38 Watch Tower
16:44 Watch Tower
17:27 Watch Tower
17:29 Watch Tower
18:16 Orc Burrow
18:38 Watch Tower
18:41 Watch Tower
22:51 Watch Tower
22:52 Watch Tower
22:53 Watch Tower
22:55 Watch Tower
26:13 War Mill
33:45 Orc Burrow
34:40 Orc Burrow
36:08 Stronghold
» items
| Lesser Clarity Potion | 5 | |
| Scroll of Town Portal | 1 | |
| Healing Salve | 1 | |
| Orb of Lightning | 1 | |
| Tiny Great Hall | 1 | |
9 total
Noinu (
red | 55 APM | 2100 actions | 38:25)
6 Blademaster
3 Wind Walk
3 Critical Strike
» actions
| Assign group hotkey | 40 | |
| Basic commands | 120 | |
| Build / train | 83 | |
| Enter build submenu | 51 | |
| Enter hero's abilities submenu | 7 | |
| Remove unit from queue | 5 | |
| Right click | 479 | |
| Select / deselect | 421 | |
| Select group hotkey | 707 | |
| Use ability | 186 | |
2100 total
» units
| Peon | 16 | |
| Troll Batrider | 42 | |
| Goblin Sapper | 1 | |
59 total
» upgrades
| Spiked Barricades | 1 | |
| Liquid Fire | 1 | |
| Ranged Weapons | 2 | |
4 total
» buildings
| Altar of Storms | 1 | |
| Orc Burrow | 7 | |
| War Mill | 2 | |
| Watch Tower | 33 | |
| Voodoo Lounge | 2 | |
| Stronghold | 1 | |
| Beastiary | 3 | |
| Fortress | 1 | |
| Great Hall | 1 | |
51 total
» build order
00:05 Altar of Storms
00:07 Orc Burrow
00:50 War Mill
01:41 Orc Burrow
02:02 Watch Tower
02:30 Watch Tower
03:07 Watch Tower
03:10 Watch Tower
04:12 Watch Tower
04:21 Watch Tower
04:30 Watch Tower
04:41 Voodoo Lounge
04:57 Stronghold
05:02 Watch Tower
05:22 Watch Tower
05:25 Watch Tower
05:48 Watch Tower
06:20 Watch Tower
06:25 Watch Tower
06:39 Watch Tower
07:01 Watch Tower
07:03 Watch Tower
07:32 Beastiary
07:40 Watch Tower
07:55 Beastiary
07:58 Watch Tower
08:20 War Mill
09:09 Fortress
09:24 Orc Burrow
09:28 Watch Tower
09:32 Orc Burrow
09:52 Voodoo Lounge
11:00 Watch Tower
12:15 Watch Tower
12:26 Watch Tower
13:27 Watch Tower
13:37 Watch Tower
13:46 Watch Tower
13:48 Watch Tower
14:30 Watch Tower
16:35 Great Hall
16:59 Watch Tower
17:00 Watch Tower
17:03 Watch Tower
24:04 Orc Burrow
24:24 Watch Tower
24:53 Watch Tower
25:16 Watch Tower
26:38 Orc Burrow
34:50 Beastiary
37:08 Orc Burrow
» items
| Healing Salve | 1 | |
| Lesser Clarity Potion | 2 | |
| Potion of Healing | 1 | |
| Orb of Lightning | 1 | |
| Scroll of Town Portal | 1 | |
6 total
royceroyce2001 (
purple | 51 APM | 1966 actions | 38:25)
5 Archmage
3 Blizzard
2 Brilliance Aura
» actions
| Assign group hotkey | 119 | |
| Basic commands | 43 | |
| Build / train | 102 | |
| Enter build submenu | 50 | |
| Enter hero's abilities submenu | 5 | |
| Give item / drop item | 2 | |
| Remove unit from queue | 1 | |
| Right click | 829 | |
| Select / deselect | 460 | |
| Select group hotkey | 166 | |
| Use ability | 189 | |
1966 total
» units
| Peasant | 18 | |
| Mortar Team | 14 | |
| Sorceress | 4 | |
36 total
» upgrades
| Masonry | 3 | |
| Lumber Harvesting | 2 | |
| Gunpowder | 3 | |
| Sorceress Training | 2 | |
| Fragmentation Shards | 1 | |
| Flare | 2 | |
| Magic Sentry | 1 | |
14 total
» buildings
| Altar of Kings | 1 | |
| Farm | 15 | |
| Lumber Mill | 1 | |
| Scout Tower | 75 | |
| Guard Tower | 35 | |
| Blacksmith | 1 | |
| Keep | 1 | |
| Arcane Vault | 2 | |
| Castle | 1 | |
| Workshop | 2 | |
| Arcane Sanctum | 1 | |
| Town Hall | 1 | |
136 total
» build order
00:05 Altar of Kings
00:07 Farm
00:39 Lumber Mill
01:56 Scout Tower
01:57 Scout Tower
01:59 Scout Tower
01:59 Scout Tower
02:16 Farm
02:29 Guard Tower
03:05 Guard Tower
03:07 Scout Tower
03:08 Scout Tower
03:17 Scout Tower
03:19 Scout Tower
03:46 Guard Tower
03:52 Scout Tower
03:52 Scout Tower
04:01 Scout Tower
04:03 Scout Tower
04:15 Blacksmith
04:26 Scout Tower
04:27 Guard Tower
04:40 Scout Tower
04:41 Scout Tower
04:56 Guard Tower
05:02 Guard Tower
05:10 Guard Tower
05:13 Scout Tower
05:20 Guard Tower
05:23 Scout Tower
06:03 Guard Tower
06:06 Scout Tower
06:07 Scout Tower
06:13 Guard Tower
06:14 Scout Tower
06:30 Farm
06:35 Farm
06:36 Farm
06:57 Scout Tower
06:57 Scout Tower
07:01 Scout Tower
07:03 Scout Tower
07:05 Guard Tower
07:38 Scout Tower
07:39 Scout Tower
07:40 Guard Tower
07:41 Guard Tower
07:42 Guard Tower
07:43 Guard Tower
08:40 Keep
09:25 Guard Tower
09:28 Scout Tower
09:32 Scout Tower
09:37 Arcane Vault
09:45 Guard Tower
10:11 Guard Tower
10:27 Guard Tower
10:44 Guard Tower
11:59 Scout Tower
12:02 Castle
12:15 Scout Tower
12:15 Scout Tower
12:16 Scout Tower
12:18 Scout Tower
12:19 Scout Tower
12:27 Workshop
12:30 Workshop
12:35 Arcane Sanctum
12:46 Guard Tower
13:24 Guard Tower
13:40 Farm
13:41 Farm
13:41 Farm
13:49 Farm
14:06 Scout Tower
14:11 Scout Tower
14:12 Scout Tower
14:25 Farm
14:37 Guard Tower
14:42 Guard Tower
14:43 Guard Tower
15:47 Town Hall
15:54 Guard Tower
18:23 Farm
18:24 Farm
18:25 Farm
18:26 Farm
18:26 Farm
22:10 Scout Tower
22:11 Scout Tower
22:11 Scout Tower
22:11 Scout Tower
22:12 Scout Tower
22:12 Scout Tower
22:12 Scout Tower
22:13 Scout Tower
22:13 Scout Tower
22:13 Scout Tower
22:16 Scout Tower
22:16 Scout Tower
22:16 Scout Tower
22:17 Scout Tower
22:18 Scout Tower
22:19 Scout Tower
22:19 Scout Tower
22:44 Scout Tower
22:44 Scout Tower
22:44 Scout Tower
22:44 Scout Tower
22:51 Scout Tower
22:51 Scout Tower
22:51 Scout Tower
22:52 Scout Tower
22:53 Scout Tower
22:53 Scout Tower
22:53 Scout Tower
23:10 Guard Tower
23:22 Guard Tower
23:25 Guard Tower
23:51 Guard Tower
24:00 Guard Tower
24:09 Scout Tower
24:09 Scout Tower
24:19 Guard Tower
24:24 Guard Tower
24:54 Scout Tower
24:57 Guard Tower
26:16 Guard Tower
36:45 Arcane Vault
» items
| Scroll of Regeneration | 3 | |
| Scroll of Town Portal | 5 | |
8 total

»
Sylink (
orange | 88 APM | 3380 actions | 38:25)
6 Warden
3 Shadow Strike
3 Blink
4 Demon Hunter
2 Mana Burn
2 Evasion
» actions
| Assign group hotkey | 76 | |
| Basic commands | 99 | |
| Build / train | 79 | |
| Enter build submenu | 47 | |
| Enter hero's abilities submenu | 10 | |
| Give item / drop item | 3 | |
| Remove unit from queue | 4 | |
| Right click | 1245 | |
| Select / deselect | 459 | |
| Select group hotkey | 1200 | |
| Use ability | 158 | |
3380 total
» units
| Wisp | 34 | |
| Dryad | 4 | |
| Mountain Giant | 1 | |
| Chimaera | 4 | |
43 total
» upgrades
| Ultravision | 1 | |
| Strength of the Wild | 2 | |
| Well Spring | 1 | |
| Abolish Magic | 1 | |
| Reinforced Hides | 1 | |
| Corrosive Breath | 1 | |
7 total
» buildings
| Altar of Elders | 3 | |
| Moon Well | 15 | |
| Hunter's Hall | 2 | |
| Ancient Protector | 14 | |
| Ancient of Wonders | 2 | |
| Tree of Life | 3 | |
| Tree of Ages | 1 | |
| Ancient of Lore | 2 | |
| Tree of Eternity | 1 | |
| Ancient of Wind | 1 | |
| Chimaera Roost | 3 | |
47 total
» build order
00:02 Altar of Elders
00:03 Moon Well
01:19 Hunter's Hall
02:29 Moon Well
02:33 Ancient Protector
02:57 Ancient Protector
03:25 Ancient Protector
03:49 Ancient Protector
04:18 Moon Well
04:33 Moon Well
05:00 Ancient Protector
05:04 Ancient of Wonders
05:53 Ancient Protector
06:26 Tree of Life
07:07 Ancient Protector
07:15 Ancient Protector
07:18 Ancient Protector
07:20 Ancient Protector
07:47 Ancient Protector
08:15 Moon Well
08:41 Tree of Ages
09:21 Moon Well
10:18 Moon Well
10:36 Moon Well
11:05 Ancient of Lore
11:08 Ancient of Lore
11:13 Ancient Protector
14:22 Tree of Eternity
16:29 Ancient Protector
17:43 Ancient of Wonders
18:55 Ancient Protector
22:00 Hunter's Hall
22:03 Ancient of Wind
22:52 Altar of Elders
22:53 Altar of Elders
23:06 Chimaera Roost
23:08 Chimaera Roost
23:10 Chimaera Roost
23:17 Moon Well
23:20 Moon Well
24:15 Moon Well
24:20 Moon Well
25:15 Moon Well
26:10 Moon Well
27:07 Moon Well
35:38 Tree of Life
37:35 Tree of Life
» items
| Lesser Clarity Potion | 1 | |
| Moonstone | 2 | |
| Potion of Healing | 2 | |
| Potion of Mana | 2 | |
| Orb of Venom | 2 | |
| Scroll of Town Portal | 2 | |
11 total
team 2 (loser)
2v2_masta (
pink | 46 APM | 1391 actions | 30:23)
4 Keeper of the Grove
2 Entangling Roots
2 Thorns Aura
4 Priestess of the Moon
2 Searing Arrows
2 Trueshot Aura
» actions
| Build / train | 74 | |
| Enter build submenu | 19 | |
| Enter hero's abilities submenu | 8 | |
| Give item / drop item | 1 | |
| Remove unit from queue | 5 | |
| Right click | 839 | |
| Select / deselect | 378 | |
| Use ability | 67 | |
1391 total
» units
| Wisp | 9 | |
| Archer | 19 | |
| Hippogryph | 11 | |
| Chimaera | 5 | |
| Goblin Zeppelin | 3 | |
| Goblin Sapper | 3 | |
50 total
» upgrades
| Strength of the Moon | 2 | |
| Improved Bows | 1 | |
| Hippogryph Taming | 1 | |
| Corrosive Breath | 1 | |
| Moon Armor | 1 | |
| Marksmanship | 1 | |
7 total
» buildings
| Moon Well | 7 | |
| Altar of Elders | 1 | |
| Ancient of War | 2 | |
| Tree of Ages | 1 | |
| Hunter's Hall | 1 | |
| Ancient of Wind | 2 | |
| Tree of Eternity | 1 | |
| Ancient of Wonders | 1 | |
| Chimaera Roost | 1 | |
| Tree of Life | 3 | |
20 total
» build order
00:09 Moon Well
00:11 Altar of Elders
00:34 Ancient of War
01:38 Moon Well
02:06 Ancient of War
02:55 Moon Well
04:21 Tree of Ages
05:06 Hunter's Hall
06:56 Ancient of Wind
06:58 Ancient of Wind
07:02 Moon Well
11:01 Tree of Eternity
11:03 Moon Well
11:45 Ancient of Wonders
13:15 Moon Well
14:14 Chimaera Roost
15:54 Moon Well
19:01 Tree of Life
24:20 Tree of Life
28:16 Tree of Life
Bloodspiller66 (
teal | 46 APM | 1733 actions | 37:49)
2 Death Knight
1 Death Coil
1 Unholy Aura
» actions
| Assign group hotkey | 19 | |
| Basic commands | 5 | |
| Build / train | 67 | |
| Enter build submenu | 21 | |
| Enter hero's abilities submenu | 2 | |
| Remove unit from queue | 5 | |
| Right click | 978 | |
| Select / deselect | 402 | |
| Select group hotkey | 161 | |
| Use ability | 73 | |
1733 total
» units
| Acolyte | 1 | |
| Ghoul | 11 | |
| Obsidian Statue | 2 | |
| Meatwagon | 9 | |
| Necromancer | 20 | |
43 total
» upgrades
| Skeletal Longevity | 1 | |
| Exhume Corpses | 1 | |
| Skeletal Mastery | 1 | |
| Disease Cloud | 1 | |
4 total
» buildings
| Crypt | 2 | |
| Altar of Darkness | 1 | |
| Ziggurat | 8 | |
| Tomb of Relics | 1 | |
| Nerubian Tower | 1 | |
| Halls of the Dead | 2 | |
| Graveyard | 1 | |
| Black Citadel | 1 | |
| Temple of the Damned | 2 | |
| Slaughterhouse | 1 | |
| Sacrificial Pit | 1 | |
| Spirit Tower | 7 | |
28 total
» build order
00:17 Crypt
00:21 Altar of Darkness
00:32 Ziggurat
01:01 Ziggurat
01:55 Tomb of Relics
02:04 Nerubian Tower
03:02 Crypt
04:29 Ziggurat
04:32 Ziggurat
05:05 Halls of the Dead
06:24 Graveyard
08:23 Black Citadel
08:35 Temple of the Damned
09:30 Temple of the Damned
09:50 Slaughterhouse
13:25 Ziggurat
13:27 Ziggurat
14:37 Sacrificial Pit
24:37 Ziggurat
24:41 Ziggurat
28:07 Spirit Tower
28:07 Spirit Tower
28:09 Spirit Tower
28:11 Spirit Tower
28:14 Spirit Tower
Drow) (
green | 35 APM | 1336 actions | 38:25)
6 Keeper of the Grove
3 Entangling Roots
2 Thorns Aura
1 Tranquility
» actions
| Build / train | 109 | |
| Enter build submenu | 42 | |
| Enter hero's abilities submenu | 6 | |
| Give item / drop item | 1 | |
| Remove unit from queue | 2 | |
| Right click | 754 | |
| Select / deselect | 350 | |
| Use ability | 72 | |
1336 total
» units
| Wisp | 57 | |
| Huntress | 3 | |
| Archer | 5 | |
| Mountain Giant | 4 | |
| Goblin Zeppelin | 1 | |
| Dryad | 8 | |
78 total
» upgrades
| Improved Bows | 1 | |
| Resistant Skin | 1 | |
| Hardened Skin | 1 | |
| Reinforced Hides | 3 | |
| Ultravision | 1 | |
| Strength of the Wild | 1 | |
| Strength of the Moon | 0 | |
8 total
» buildings
| Altar of Elders | 1 | |
| Moon Well | 9 | |
| Hunter's Hall | 1 | |
| Ancient of War | 2 | |
| Tree of Ages | 2 | |
| Ancient of Wonders | 4 | |
| Tree of Eternity | 1 | |
| Ancient of Lore | 4 | |
| Tree of Life | 4 | |
| Ancient Protector | 14 | |
42 total
» build order
00:04 Altar of Elders
00:07 Moon Well
01:10 Hunter's Hall
01:50 Ancient of War
02:13 Ancient of War
02:28 Moon Well
02:46 Moon Well
04:59 Tree of Ages
06:44 Moon Well
07:50 Ancient of Wonders
07:53 Tree of Eternity
09:31 Ancient of Lore
09:33 Ancient of Lore
09:37 Moon Well
10:38 Moon Well
14:41 Tree of Life
17:05 Ancient Protector
17:12 Ancient Protector
17:16 Ancient Protector
20:41 Ancient Protector
20:43 Ancient Protector
20:46 Ancient Protector
20:58 Tree of Life
21:46 Moon Well
21:47 Moon Well
21:48 Moon Well
23:01 Tree of Ages
23:45 Ancient of Wonders
25:07 Tree of Life
26:00 Ancient of Lore
26:02 Ancient of Lore
26:50 Ancient Protector
26:52 Ancient Protector
26:54 Ancient Protector
26:56 Ancient Protector
29:01 Tree of Life
29:40 Ancient Protector
29:43 Ancient Protector
29:46 Ancient Protector
29:49 Ancient Protector
32:03 Ancient of Wonders
32:50 Ancient of Wonders
» items
| Orb of Venom | 1 | |
| Potion of Healing | 1 | |
| Scroll of Town Portal | 6 | |
8 total

»
TITaNclASSic (
blue | 39 APM | 1504 actions | 38:20)
4 Mountain King
2 Storm Bolt
2 Bash
3 Archmage
1 Summon Water Elemental
1 Brilliance Aura
1 Blizzard
3 Blood Mage
2 Flame Strike
1 Siphon Mana
» actions
| Assign group hotkey | 8 | |
| Build / train | 54 | |
| Enter build submenu | 26 | |
| Enter hero's abilities submenu | 10 | |
| Remove unit from queue | 1 | |
| Right click | 923 | |
| Select / deselect | 344 | |
| Select group hotkey | 33 | |
| Use ability | 105 | |
1504 total
» units
| Peasant | 8 | |
| Footman | 7 | |
| Dragonhawk Rider | 8 | |
23 total
» upgrades
| Plating | 2 | |
| Defend | 1 | |
| Gunpowder | 1 | |
| Swords | 3 | |
| Cloud | 1 | |
| Armor | 1 | |
9 total
» buildings
| Farm | 9 | |
| Altar of Kings | 1 | |
| Barracks | 1 | |
| Blacksmith | 1 | |
| Scout Tower | 5 | |
| Arcane Tower | 1 | |
| Keep | 1 | |
| Castle | 1 | |
| Lumber Mill | 1 | |
| Gryphon Aviary | 4 | |
| Arcane Vault | 1 | |
| Guard Tower | 2 | |
28 total
» build order
00:20 Farm
00:35 Altar of Kings
00:52 Barracks
01:33 Farm
02:09 Farm
02:15 Blacksmith
02:48 Farm
03:18 Scout Tower
03:45 Arcane Tower
03:52 Farm
04:32 Keep
08:20 Castle
11:02 Lumber Mill
11:37 Gryphon Aviary
11:38 Gryphon Aviary
11:40 Gryphon Aviary
12:01 Arcane Vault
12:06 Gryphon Aviary
13:28 Farm
14:43 Farm
14:48 Farm
15:18 Farm
28:02 Scout Tower
28:12 Scout Tower
28:13 Scout Tower
28:14 Scout Tower
28:31 Guard Tower
28:55 Guard Tower
» items
| Scroll of Regeneration | 2 | |
| Potion of Mana | 1 | |
3 total
Chat log
(00:52 / Allies) royceroyce2001: everyone got that?
(00:57 / Allies) Sylink: my cat is retarded
(00:58 / Allies) Noinu: one more time
(01:22 / Allies) Chopstix: erg
(01:25 / Allies) Chopstix: can NE tower
(01:25 / Allies) Sylink: erg
(01:27 / Allies) Sylink: yes
(01:33 / Allies) Sylink: tower well
(01:34 / Allies) Sylink: no
(01:39 / Allies) royceroyce2001: you tower for him?
(01:44 / Allies) Sylink: i got this shit
(01:55 / Allies) Chopstix: we should all help towering NELF
(02:43 / Allies) royceroyce2001: should built back a bit chop more of a bottleneck
(02:45 / Allies) royceroyce2001: but w/e
(02:48 / Allies) Noinu: YAY
(03:16 / Allies) Sylink: more like ddead odar
(03:19 / Allies) Noinu: yay
(04:27 / Allies) Chopstix: ?
(04:31 / Allies) Noinu: me
(04:36 / Allies) Noinu: im the only RJ in here ok
(04:52 / Allies) Sylink: mass kotg ugh
(05:20 / Allies) Chopstix: weak kotg
(05:26 / Allies) royceroyce2001: dead
(05:27 / Allies) royceroyce2001: kotg
(06:00 / Allies) Sylink: orc towers suck dick
(06:00 / Allies) Chopstix: ugh
(06:01 / Allies) Chopstix: im sorry
(06:10 / Allies) Sylink: just stop playing orc we all should
(06:48 / Allies) Sylink: tower them in
(09:34 / Allies) Sylink: they are trapped at least
(09:35 / Allies) Sylink: tech up
(10:37 / Allies) Chopstix: weka ass heros
(11:56 / Allies) Sylink: haha
(12:05 / Allies) Chopstix: lumber opls
(12:56 / Allies) royceroyce2001: your responsibiity again chop
(13:01 / Allies) Chopstix: that?
(13:04 / Allies) royceroyce2001: y
(13:25 / Allies) Sylink: more tower
(13:27 / Allies) Chopstix: what was that
(13:30 / Allies) Noinu: hippo riders
(13:51 / Allies) Sylink: more tower here plz
(13:58 / Allies) Chopstix: where?
(14:08 / Allies) Sylink: expand
(14:39 / Allies) royceroyce2001: lumb?
(15:44 / Allies) Chopstix: can i go raider
(15:49 / Allies) Sylink: yeth
(15:58 / Allies) Chopstix: just making a few bats for AA
(16:11 / Allies) Sylink: dhawk and hyppo lmao
(16:12 / Allies) Sylink: get bats
(16:32 / Allies) Sylink: mass tower
(16:53 / Allies) Noinu: they have a zep
(17:04 / Allies) royceroyce2001: tower that
(17:06 / Allies) Sylink: so bat it
(17:12 / Allies) Noinu: tried
(17:33 / Allies) royceroyce2001: chop
(17:34 / Allies) royceroyce2001: bats
(17:41 / Allies) Noinu: dead base
(17:46 / Allies) Chopstix: coming
(17:48 / Allies) Chopstix: tpiung in with bats
(18:07 / Allies) Chopstix: what happened to your bats?
(18:13 / Allies) Sylink: dhawk suicide
(18:17 / Allies) Noinu: suicided a bunch of dhawks
(18:23 / Allies) Sylink: necros oh god
(18:26 / Allies) Sylink: tell me you hae mortars
(18:35 / Allies) royceroyce2001: should i not
(18:40 / Allies) royceroyce2001: invis
(18:41 / Allies) Sylink: you should
(18:45 / Allies) Sylink: do it
(18:51 / Allies) Sylink: abolish magic ftw
(18:54 / Allies) royceroyce2001: needed a tp
(20:00 / Allies) Sylink: need all
(20:00 / Allies) Sylink: bats
(20:42 / Allies) Sylink: need mortars
(20:46 / Allies) Sylink: to kill necro
(20:49 / Allies) Chopstix: with attack upgrade
(21:42 / Allies) Sylink: t
(21:43 / Allies) Sylink: get the wagons
(21:46 / Allies) Sylink: they make the shitty corpses
(21:54 / Allies) Sylink: tower
(21:55 / Allies) Sylink: quickly
(22:05 / Allies) Chopstix: money
(22:34 / Allies) Sylink: imba stuns
(22:40 / Allies) Sylink: TOWER
(22:43 / Allies) Chopstix: no money
(22:44 / Allies) Sylink: seal
(22:45 / Allies) Chopstix: i had no expo
(22:48 / Allies) Sylink: royce
(22:48 / Allies) Sylink: can
(23:15 / Allies) Sylink: gonna pump chime
(23:29 / Allies) Chopstix: they did not see
(23:53 / Allies) royceroyce2001: gold please
(24:08 / Allies) Sylink: need to take
(24:18 / Allies) Noinu: need gold
(24:20 / Allies) Noinu: can give lumber
(24:29 / Allies) Chopstix: need to get that expo
(24:34 / Allies) Sylink: depressing
(25:47 / Allies) Sylink: necros are annoying
(25:52 / Allies) Noinu: going to hit ne soon
(26:01 / Allies) Noinu: now
(26:37 / Allies) Sylink: hit yads
(27:44 / Allies) Sylink: target caster
(28:01 / Allies) Sylink: back
(28:12 / Allies) Noinu: hurt
(28:27 / Allies) royceroyce2001: noinu you take
(28:36 / Allies) Chopstix: i have a tiny hall
(28:40 / Allies) royceroyce2001: ok
(28:43 / Allies) Sylink: clkear
(28:46 / Allies) Chopstix: you can tkae it
(28:49 / Allies) Chopstix: whoever needs it take it
(29:41 / Allies) Chopstix: coming
(30:02 / Allies) Sylink: lmao
(30:23 / Allies) Noinu: finish pink someone
(30:26 / Allies) Noinu: heheh
(30:27 / Allies) Noinu: yes!
(30:29 / All) Chopstix: die noobs
(30:32 / All) Noinu: :D
(30:36 / All) Noinu: NEVAR FORGET
(30:52 / All) Bloodspiller66: lol look at u nub u have to tower to win
(30:55 / All) Sylink: gg
(31:06 / All) Noinu: Tower to Live
(31:10 / All) Noinu: live to tower
(31:22 / Allies) Noinu: denyyy
(32:42 / All) Sylink: hahahaha
(32:48 / All) Noinu: die in flame
(32:49 / All) Sylink: i think you are stuck in there
(34:21 / All) Sylink: gg
(34:24 / All) Chopstix: GG NUBS LEAVE
(34:31 / All) Chopstix: GO HOME AND TELL YOUR MOMMA YOU LOST TO TOWERS
(34:37 / All) Drow): its a game
(34:40 / All) Drow): and ur sore winers wow
(34:42 / All) Sylink: you lost gg
(34:45 / All) Noinu: THIS IS LIFE NIGGA
(34:50 / All) Chopstix: sore winners dont exist, only sore LOSERS
(34:53 / All) Sylink: ethugs
(34:55 / All) Drow): wat
(34:58 / All) Drow): lmao ok w/e
(35:28 / Allies) Sylink: 100 gold plz
(35:55 / Allies) Sylink: 3 tps on that guy
(36:16 / Allies) Chopstix: in
(36:18 / Allies) Chopstix: inc
(36:47 / Allies) Noinu: units
(36:53 / Allies) Noinu: they said they wanted to die
(37:53 / All) Sylink: gg
(38:21 / All) Drow): GO SUK COK BWUAHG
(38:23 / All) Sylink: bye